Description

ZvT Creep Outpost INTO Cheeky Butthole Build

  • Hatch pool into Proxy Hatch (creep outpost)
  • The proxy hatch only functions as a distraction - just build 1 queen there, MAYBE a spine/spore and try to spread creep backwards as far around as possible to force them to waste many scans/build a raven

  • Just go straight lair after your first 2 queens pop, and go 2nd gas nice and early around 2:45-3:00

  • Go up to 4-gas 2-base saturation, RW and add roaches as needed
  • Make nydus + SH and start being a dickhead

VOD

https://youtu.be/Zspa4sT6RW4

Replay - Creep Outpost into Cheeky Butthole

Build Order

Get SALT Encoding   

  12  0:05  Drone  
  13  0:15  Overlord  
  13  0:19  Drone  
  14  0:33  Drone x2  
  16  0:38  Drone  
  17  0:49  Drone  
  18  1:00  Hatchery  
  17  1:04  Drone  
  18  1:21  Drone, Spawning Pool  
  18  1:40  Drone  
  18  1:45  Extractor  
  18  1:49  Hatchery  
  18  1:53  Drone  
  19  2:01  Overlord  
  19  2:12  Queen  
  21  2:16  Zergling x2  
  21  2:20  Queen  
  30  2:53  Lair  
  30  2:56  Overlord  
  31  3:06  Queen  
  36  3:25  Extractor  
  42  3:37  Spine Crawler  
  40  3:59  Infestation Pit  
  40  4:02  Extractor  
  41  4:06  Overlord  
  46  4:12  Extractor  
  46  4:13  Overlord  
  45  4:19  Roach Warren  
  45  4:20  Queen  
  46  4:33  Queen  
  50  4:47  Nydus Network  
  49  4:59  Roach x6  
  55  5:34  Swarm Host x5  
  69  5:40  Overseer  
  69  5:47  Spore Crawler x2  
  67  5:54  Nydus Canal  
  75  6:13  Nydus Canal  
  75  6:19  Spore Crawler  
  75  6:23  Hatchery  
  74  6:56  Swarm Host x5  
  74  6:58  Evolution Chamber  
  74  6:59  Nydus Canal  
  89  7:11  Queen x2  
  89  7:13  Glial Reconstitution  
  96  7:44  Zerg Missile Weapons Level 1  
  96  7:45  Hydralisk Den  
  96  7:46  Spore Crawler  
  97  7:53  Spore Crawler x2, Nydus Canal  
  95  7:59  Spore Crawler  
  95  8:03  Hive  
  101  8:09  Nydus Canal  
  107  8:44  Grooved Spines  
  107  8:45  Extractor x2  
  118  8:58  Zergling x2  
  119  9:03  Nydus Canal  
  128  9:18  Hatchery, Nydus Canal  
  126  9:37  Spore Crawler x2  
  128  9:42  Nydus Canal  
  127  9:49  Pneumatized Carapace  
  127  9:50  Viper x2  
  133  9:54  Nydus Canal  
Spawning Tool Build Advisor. Get it on Overwolf

Go to:

Details

  • Created by: PiG      
  • Published on: Aug 11, 2019
  • Modified on: Sep 02, 2019
  • Patch: 4.7.1
Show
View Real Time Build Order
Export as new Build Order

Comments (0)

There are no comments. Be the first!

Create an account to comment!